 Dungeon Crawl Stone Soup version 0.18-a0-46-g45ca8e4 (webtiles) character file.

4210 4thArraOfDagon the Cruncher (level 10, -2/103 HPs)
             Began as a Naga Gladiator on Nov 6, 2015.
             Was an Initiate of Gozag.
             Slain by a manticore (4 damage)
             ... on level 11 of the Dungeon.
             The game lasted 00:20:55 (3774 turns).

4thArraOfDagon the Cruncher (Naga Gladiator)        Turns: 3774, Time: 00:20:55

Health: -2/103     AC:  7    Str: 21 (23) XL:     10   Next: 29%
Magic:  10/10      EV: 16    Int: 15 (16) God:    Gozag
Gold:   296        SH:  0    Dex: 12      Spells: 0 memorised, 9 levels left

rFire  . . .     SeeInvis +     a - +0 quarterstaff
rCold  . . .     Clarity  .     q - +0 scale mail
rNeg   + . .     SustAt   .     (shield currently unavailable)
rPois  +         Gourm    .     c - +0 helmet
rElec  .         Spirit   .     (no cloak)
rCorr  .         Warding  +     (no gloves)
rMut   .         Stasis   .     (no barding)
MR     +....                    p - amulet of warding
Stlth  ..........               d - ring of wizardry
                                g - +6 ring of evasion

@: mighty, brilliant, very slightly contaminated, hasted, quick, somewhat
resistant to hostile enchantments, extremely unstealthy
A: see invisible, deformed body, deterioration 1, poison resistance, robust 1,
slowness 2, slow metabolism 1, spit poison 2, AC +3
a: Spit Poison, Potion Petition, Call Merchant, Bribe Branch, Renounce Religion


You were on level 11 of the Dungeon.
You worshipped Gozag.
Gozag was noncommittal.
You were hungry.

You visited 2 branches of the dungeon, and saw 12 of its levels.

You collected 971 gold pieces.
You paid 675 gold pieces to Gozag.

Inventory:

Hand Weapons
 a - a +0 quarterstaff (weapon)
 e - a +1 falchion of holy wrath
 k - a +3 spear of piercing
Armour
 c - a +0 helmet (worn)
 q - a +0 scale mail (worn)
Jewellery
 d - a ring of wizardry (right hand)
 g - a +6 ring of evasion (left hand)
 p - an amulet of warding (around neck)
Wands
 n - a wand of fire (0)
Scrolls
 f - 6 scrolls of remove curse
 i - a scroll of teleportation
 j - a scroll of fog
 l - a scroll of noise
 o - 2 scrolls of vulnerability
Potions
 b - 2 potions of brilliance
 m - a potion of degeneration {unknown}
 r - a potion of curing
 u - a potion of mutation {unknown}
 v - a potion of haste {unknown}
 x - a potion of cancellation {unknown}
Comestibles
 s - 4 meat rations


   Skills:
 + Level 7.5 Fighting
 * Level 10.8 Staves
 - Level 1.7 Throwing
 + Level 6.5 Dodging


You had 9 spell levels left.
You didn't know any spells.

Dungeon Overview and Level Annotations

Branches:
Dungeon (11/15)              Lair (0/8) D:9             Orc (1/4) D:9
 Temple: D:4-7

Altars:
Dithmenos
Fedhas
Gozag
Nemelex Xobeh
Sif Muna
Xom
Yredelemnul

Shops:
D:4 }   D:8 }

Annotations:
D:8 Barrydekale's ghost, novice OpWn


Innate Abilities, Weirdness & Mutations

You cannot wear boots.
Your serpentine skin is tough (AC +3).
You have supernaturally acute eyesight.
Armour fits poorly on your strangely shaped body.
Your system is resistant to poisons.
You cover ground very slowly.
You have a slow metabolism.
You can spit poison.
Your body sometimes deteriorates upon taking damage.
You are robust (+10% HP).


Message History

The manticore claws you.
* * * LOW HITPOINT WARNING * * *
The manticore claws you.
* * * LOW HITPOINT WARNING * * *
The orc warrior misses you.
You are very lightly contaminated with residual magic.
Drink which item? (? for menu, Esc to quit)
Okay, then.
Evoke which item? (* to show all) (? for menu, Esc to quit)
Okay, then.
Read which item? (? for menu, Esc to quit)
Okay, then.
You need at least 400 gold to purchase potions right now!
Unknown command.
You sock the manticore!
The manticore is almost dead.
The manticore completely misses you. The manticore closely misses you.
The manticore claws you.
You die...
Your body crumbles into a pile of gold.

..#####################
....$..o@............>#
..#######H#######.#####
#......# #...# #.H....#
#....)#.# #......#
#.###.#.# #......#
...#.# #....?.# ##..#.#
#......# #...#.#
#......# #..##.#


You could see a manticore and an orc warrior.

Vanquished Creatures
  A hill giant (D:11)
  2 wyverns
  A deep elf mage (D:9)
  A hungry ghost (D:9)
  2 basilisks (D:9)
  2 porcupines (D:9)
  A sky beast (D:6)
  5 ogres
  2 ice beasts (D:9)
  An orc warrior (D:7)
  An eye of draining (D:9)
  6 centaurs
  A phantom (D:8)
  2 crocodiles (D:9)
  A big kobold (D:10)
  5 giant frogs (D:9)
  2 giant frog zombies
  A jelly (D:6)
  3 orc priests
  An orc wizard (D:9)
  3 worker ants
  A quasit (D:8)
  5 iguanas
  A hound zombie (D:9)
  2 river rats (D:9)
  8 adders
  A giant gecko (D:3)
  28 orcs
  2 bats
  A goblin (D:3)
  4 hobgoblins (D:3)
  2 jackals (D:6)
  A quokka (D:9)
  A giant gecko zombie (D:5)
  2 jackal skeletons
  6 kobolds
  A quokka skeleton (D:6)
  A quokka zombie (D:6)
  3 rats
114 creatures vanquished.

Vanquished Creatures (others)
  A phantom (D:8)
  2 plants (D:9)
3 creatures vanquished.

Grand Total: 117 creatures vanquished

Notes
Turn   | Place    | Note
--------------------------------------------------------------
     0 | D:1      | 4thArraOfDagon the Naga Gladiator began the quest for the Orb.
     0 | D:1      | Reached XP level 1. HP: 19/19 MP: 1/1
   148 | D:3      | Reached XP level 2. HP: 21/26 MP: 2/2
   290 | D:4      | Reached XP level 3. HP: 33/33 MP: 3/3
   341 | D:4      | Reached skill level 4 in Staves
   348 | D:4      | Found Romudgho's Gadget Boutique.
   452 | D:5      | Entered Level 5 of the Dungeon
   511 | D:5      | Noticed an ogre
   524 | D:5      | Reached XP level 4. HP: 18/40 MP: 4/4
   532 | D:5      | Killed an ogre
   532 | D:5      | Reached XP level 5. HP: 19/49 MP: 5/5
   860 | D:6      | Reached skill level 5 in Staves
   860 | D:6      | Reached XP level 6. HP: 53/56 MP: 6/6
   919 | D:6      | Gained mutation: Your body sometimes deteriorates upon taking damage. [mutagenic meat]
   920 | D:6      | Gained mutation: You are robust (+10% HP). [mutagenic meat]
  1065 | D:7      | Noticed a hungry ghost
  1244 | D:6      | Reached XP level 7. HP: 70/70 MP: 7/7
  1265 | D:6      | Reached skill level 6 in Staves
  1554 | D:5      | Found an opulent altar of Gozag.
  1612 | D:5      | Became a worshipper of Gozag Ym Sagoz the Greedy
  1796 | D:8      | Noticed Barrydekale's ghost (novice OpWn)
  1805 | D:8      | Reached skill level 7 in Staves
  1805 | D:8      | Reached XP level 8. HP: 37/80 MP: 8/8
  1827 | D:8      | Found Guyr's Gadget Emporium.
  1832 | D:8      | Reached skill level 5 in Fighting
  2006 | D:8      | Found a shimmering altar of Xom.
  2016 | D:8      | Found a sparkling altar of Nemelex Xobeh.
  2016 | D:8      | Found a shadowy altar of Dithmenos.
  2023 | D:8      | Found a deep blue altar of Sif Muna.
  2204 | D:9      | Reached skill level 8 in Staves
  2241 | D:9      | Reached skill level 5 in Dodging
  2298 | D:10     | Entered Level 10 of the Dungeon
  2361 | D:9      | Reached XP level 9. HP: 47/90 MP: 9/9
  2368 | D:9      | Found a basalt altar of Yredelemnul.
  2641 | D:9      | Found a blossoming altar of Fedhas.
  2654 | D:9      | Reached skill level 9 in Staves
  2697 | D:9      | Found a staircase to the Orcish Mines.
  2785 | D:9      | Found a staircase to the Lair.
  3218 | Orc:1    | Entered Level 1 of the Orcish Mines
  3233 | D:9      | RIP{
  3234 | D:9      | Reached skill level 10 in Staves
  3355 | D:9      | Reached XP level 10. HP: 43/103 MP: 10/10
  3717 | D:11     | Noticed a hill giant
  3726 | D:11     | Killed a hill giant
  3758 | D:11     | Noticed a manticore
  3772 | D:11     | HP: 5/103 [manticore (8)]
  3773 | D:11     | HP: 2/103 [manticore (5)]
  3774 | D:11     | Slain by a manticore

Vault maps used:
D:1:      saegor_arrival_simple_a
D:2:      overflow_temple_1_default, grunt_ministairs_7
D:3:      uniq_robin
D:4:      serial_shops, shop, first_bread
D:5:      nicolae_gozag_seed_capital
D:7:      temple_hall
D:8:      grunt_temple_overflow_open, serial_shops, nicolae_shop_stone
D:9:      old_standard_altar, minmay_lair_entry_grove, basic_altar,
          minmay_misc_feat_tiny
D:10:     lemuel_troll_bridge, the_bakery

Action                   |  1- 3 |  4- 6 |  7- 9 | 10-12 || total
-------------------------+-------+-------+-------+-------++-------
Melee: Quarterstaff      |    13 |       |       |    72 ||    85
       Spear             |    35 |    69 |   345 |     1 ||   450
Throw: Throwing net      |       |     3 |     1 |       ||     4
Invok: Potion Petition   |       |       |       |     2 ||     2
 Abil: Spit Poison       |    13 |    10 |    32 |     7 ||    62
Evoke: Wand              |       |       |     4 |       ||     4
  Use: Scroll            |       |    11 |     8 |       ||    19
       Potion            |       |       |     2 |     3 ||     5
 Stab: Held in net/web   |       |     2 |       |       ||     2
  Eat: Chunk             |       |     5 |     2 |       ||     7
       Royal jelly       |       |       |     1 |       ||     1
       Bread ration      |       |       |     2 |       ||     2
       Meat ration       |       |       |     1 |       ||     1
